 Dungeon Crawl Stone Soup version 0.29.1-12-g30fa7ad0bf (webtiles) character file.

Game seed: 14069372676146822664

142 Radix the Firebug (level 5, -5/41 HPs)
             Began as a Barachi Wanderer on Jan 11, 2023.
             Slain by a scorpion (7 damage)
             ... on level 4 of the Dungeon.
             The game lasted 00:15:45 (4052 turns).

Radix the Firebug (Barachi Wanderer)                Turns: 4052, Time: 00:15:46

Health: -5/41      AC:  5    Str: 12    XL:     5   Next: 24%
Magic:  7/8        EV: 12    Int: 16    God:
Gold:   112        SH:  4    Dex: 17    Spells: 7/8 levels left

rFire   . . .      SeeInvis .   m - +0 falchion
rCold   . . .      Faith    .   l - +0 buckler
rNeg    . . .      Spirit   .   g - +0 leather armour
rPois   .          Reflect  .   b - +0 helmet
rElec   .          Harm     .   s - +0 cloak
rCorr   .          Rampage  .   (no gloves)
Will    +....                   (no boots)
Stlth   ++........              (no amulet)
HPRegen 0.13/turn               k - ring of willpower
MPRegen 0.11/turn               t - +6 ring of dexterity

@: flying, slow
A: amphibious, slowness 1, strong legs 1, +LOS
a: Hop


You were on level 4 of the Dungeon.
You visited 1 branch of the dungeon, and saw 4 of its levels.

You collected 112 gold pieces.

Inventory:

Hand Weapons
 i - a +0 sling
 m - a +0 falchion (weapon)
Armour
 b - a +0 helmet (worn)
 d - a +0 robe
 g - a +0 leather armour (worn)
 l - a +0 buckler (worn)
 o - a +0 helmet
 s - a +0 cloak (worn)
Jewellery
 k - a ring of willpower (left hand)
 t - a +6 ring of dexterity (right hand)
Scrolls
 e - a scroll of fog
 j - a scroll of amnesia
 p - 2 scrolls of identify
Potions
 c - 2 potions of lignification
 h - a potion of brilliance {unknown}
 q - 2 potions of might


   Skills:
 + Level 3.5 Fighting
 + Level 2.2 Long Blades
 - Level 3.2 Dodging
 - Level 1.0 Stealth
 - Level 2.3 Spellcasting
 - Level 1.7 Conjurations
 - Level 4.2 Fire Magic


You had 7 spell levels left.
You knew the following spells:

 Your Spells              Type           Power      Damage    Failure   Level
a - Foxfire               Conj/Fire      44%        2x1d6     11%         1

Your spell library contained the following spells:

 Spells                   Type           Power      Damage    Failure   Level
 Flame Wave               Conj/Fire      11%        2d6       71%         4
 Sticky Flame             Conj/Fire      11%        2d3       71%         4


Dungeon Overview and Level Annotations

Branches:
Dungeon (4/15)
 Temple: D:4-7

Altars:
Elyvilon


Innate Abilities, Weirdness & Mutations

You are amphibious.
You cover ground slowly.
You can hop short distances.
You have an extended range of vision and can be seen from far away.


Message History

You closely miss the scorpion.
The scorpion is almost dead.
You feel sick. The scorpion stings you.
You are more poisoned.
The scorpion poisons you!
A scorpion comes into view.
You hit the scorpion but do no damage.
The scorpion is almost dead.
You feel very sick.
The scorpion stings you but does no damage.
The scorpion stings you.
* * * LOW HITPOINT WARNING * * *
You are confused.
You feel invigorated.
* * * LOW HITPOINT WARNING * * *
You feel very sick. The scorpion misses you.
It was a potion of curing.
You feel better.
You feel less invigorated.
The scorpion stings you but does no damage. x2
Casting: Foxfire (safe; 11% risk of failure)
Confirm with . or Enter, or press ? or * to list all spells.
You conjure some foxfire!
The scorpion stings you. You block the scorpion's attack.
The scorpion stings you.
* * * LOW HITPOINT WARNING * * *
Your foxfire dissipates!
You hit the scorpion.
The scorpion is moderately wounded.
The scorpion closely misses you. The scorpion stings you!
* * * LOW HITPOINT WARNING * * *
Really quaff the potion of lignification?
Okay, then.
Okay, then.
As you read the scroll of identify, it crumbles to dust.
q - 2 potions of might The scorpion stings you.
* * * LOW HITPOINT WARNING * * *
It was a potion of flight.
You feel very buoyant.
You fly up into the air.
The scorpion stings you!
You die...

### ..# #.# #
############.#.##
##.##.....@ss....#
#.....######.##..#
##.#### #.# ..#
#.# #.# ... #.#
#.# ...# #<# #.#
..# #.# #.# .# #.#
#.# # #)# #.#


You could see 2 scorpions.

Vanquished Creatures
  Natasha (D:2)
  4 adders
  2 worms
  7 dart slugs
  6 orcs
  3 endoplasms
  2 giant cockroaches
  3 goblins
  4 hobgoblins
  4 jackals (D:1)
  A quokka (D:3)
  4 ball pythons
  5 bats
  A frilled lizard (D:1)
  10 kobolds
  A rat (D:2)
58 creatures vanquished.

Vanquished Creatures (others)
  51 foxfires
51 creatures vanquished.

Grand Total: 109 creatures vanquished

Notes
Turn   | Place    | Note
-------+----------+-------------------------------------------
     0 | D:1      | Radix the Barachi Wanderer began the quest for the Orb.
     0 | D:1      | Radix set off with the following items: a +0 club, a +0
                  | helmet, a potion of lignification, a +0 robe, a scroll of
                  | fog; and the following spell memorised: Foxfire; and the
                  | following spells available to memorise: Flame Wave, Sticky
                  | Flame.
     0 | D:1      | Reached XP level 1. HP: 17/17 MP: 2/2
   578 | D:1      | Reached XP level 2. HP: 13/23 MP: 4/4
  1623 | D:2      | Reached XP level 3. HP: 23/29 MP: 1/5
  1932 | D:2      | Noticed Natasha
  1937 | D:2      | Killed Natasha
  1938 | D:2      | Reached skill level 1 in Long Blades
  1938 | D:2      | Reached skill level 1 in Conjurations
  2140 | D:1      | Reached XP level 4. HP: 13/35 MP: 4/7
  2142 | D:1      | Reached skill level 4 in Fire Magic
  2639 | D:2      | Found a faded altar of an unknown god.
  3212 | D:3      | Found a white marble altar of Elyvilon.
  3244 | D:3      | Reached XP level 5. HP: 41/41 MP: 5/8
  4051 | D:4      | HP: 2/41 [scorpion (3)]
  4052 | D:4      | Slain by a scorpion

Illustrated notes

Levels and vault maps discovered:
D:1:      minmay_arrival_four_houses, layout_basic, minmay_misc_feat_rugged,
          amcnicky_mini_pool_small
D:2:      layout_loops_corners, shapermc_ecumenical_altar_venn, uniq_natasha
D:3:      layout_loops_cross, elyvilon_altar_4
D:4:      gammafunk_cloud_chamber, layout_loops_ring,
          minmay_temple_entry_stoned_glass, serial_shops,
          nicolae_shop_overgrown_old_shop, hangedman_decor_clover_reticule

Skill      XL: |  1  2  3  4  5 |
---------------+----------------+-----
Fighting       | 3 |  3.5
Long Blades    | 1 2 |  2.2
Spellcasting   | 2 |  2.3
Conjurations   | 1 |  1.7
Fire Magic     | 4 |  4.2
Dodging        | |  3.2
Stealth        | |  1.0

Action                   |  1- 3 |  4- 6 || total
-------------------------+-------+-------++-------
Melee: Whip              |    23 |       ||    23
       Club              |     5 |       ||     5
       Punch             |     1 |       ||     1
       Falchion          |    48 |    92 ||   140
 Fire: Sling             |    11 |       ||    11
 Cast: Foxfire           |    14 |    19 ||    33
  Use: Scroll            |     1 |     5 ||     6
       Potion            |       |     3 ||     3
 Stab: Sleeping          |       |     3 ||     3
Armor: Leather armour    |    27 |    49 ||    76
       Robe              |     4 |       ||     4
Dodge: Dodged            |    51 |    62 ||   113
Block: Buckler           |     3 |    13 ||    16
